 Dungeon Crawl Stone Soup version 0.29.0-4-gdea44cf6ec (webtiles) character file.

Game seed: 17627532870192840004

977 qw the Cleaver (level 8, 0/48 HPs)
             Began as a Tengu Warper on Aug 28, 2022.
             Slain by an ogre
             ... wielding a +0 giant spiked club
              (30 damage)
             ... on level 5 of the Dungeon.
             The game lasted 00:00:35 (5992 turns).

qw the Cleaver (Tengu Warper)                       Turns: 5992, Time: 00:00:35

Health: 0/48       AC: 13    Str: 13    XL:     8   Next: 17%
Magic:  12/12      EV:  7    Int: 14    God:
Gold:   283        SH:  0    Dex: 20    Spells: 11/11 levels left

rFire   . . .      SeeInvis .   Y - +2 war axe (vamp)
rCold   + . .      Faith    .   (no shield)
rNeg    . . .      Spirit   .   b - +1 chain mail {rC+}
rPois   .          Reflect  .   (helmet restricted)
rElec   .          Harm     .   (no cloak)
rCorr   .          Rampage  .   (no gloves)
Will    .....                   (boots unavailable)
Stlth   ..........              c - amulet of the acrobat
HPRegen 0.16/turn               d - +6 ring of dexterity
MPRegen 0.13/turn               f - +4 ring of protection

@: flying quickly and evasively, quick
A: beak, talons 3, nimble flight
a: no special abilities


You were on level 5 of the Dungeon.
You visited 1 branch of the dungeon, and saw 5 of its levels.

You collected 283 gold pieces.


Innate Abilities, Weirdness & Mutations

You have a beak for a mouth.
You have claws for feet.
Your magical nature lets you fly swiftly and evasively.


   Skills:
 - Level 4.3 Fighting
 - Level 9.0 Axes
 - Level 1.0 Throwing
 + Level 2.4 Armour
 - Level 2.1 Dodging
 - Level 2.0 Spellcasting
 - Level 2.4 Translocations


You had 11 spell levels left.
You didn't know any spells.
Your spell library contained the following spells:

 Spells                   Type           Power      Damage    Failure   Level
 Blink                    Tloc           16%        N/A       99%         2
 Gell's Gravitas          Tloc           8%         N/A       100%        3
 Lesser Beckoning         Tloc           8%         N/A       100%        3
 Teleport Other           Tloc           8%         N/A       100%        3
 Manifold Assault         Tloc           8%         N/A       100%        5

Inventory:

Hand Weapons
 a - a +0 whip
 Y - a +2 vampiric war axe (weapon)
Armour
 b - a +1 chain mail of cold resistance (worn)
 n - the +2 cloak of the Thief {*Fog Slay-2 SInv Stlth+}
   (You found it on level 5 of the Dungeon)

   It may release a thick cloud of smoke when the wearer is hurt.
   Slay:      It affects your accuracy & damage with ranged weapons and melee
   (-2).
   SInv:      It lets you see invisible.
   Stlth:     It makes you more stealthy.
Jewellery
 c - an amulet of the acrobat (around neck)
 d - a +6 ring of dexterity (left hand)
 f - a +4 ring of protection (right hand)
Scrolls
 e - a scroll of teleportation
 g - 2 scrolls of identify
 q - a scroll of immolation {unknown}
Potions
 h - a potion of mutation
 i - a potion of curing
 j - a potion of attraction {unknown}
 k - a potion of resistance
 l - a potion of cancellation {unknown}
 m - a potion of berserk rage {unknown}
 o - a potion of haste {unknown}
 p - a potion of heal wounds

Dungeon Overview and Level Annotations

Branches:
Dungeon (5/15)
 Temple: D:4-7

Altars:
Elyvilon
Gozag
Hepliaklqana
Trog
Zin
The Shining One

Shops:
D:1 !

Annotations:
D:5 1 runed translucent door, Crazy Yiuf


Message History

There is an open door here.
Found a stone staircase leading down.
Found a short sword.
You see here a +0 short sword.
Found a stone staircase leading down.
Enter note:
Enter note:
n - the +2 cloak of the Thief {*Fog Slay-2 SInv Stlth+}
Enter note:
Enter note:
Found a stone staircase leading up.
Enter note:
Enter note:
Enter note:
Enter note:
Enter note:
g - 2 scrolls of identify (gained 1)
There is a stone staircase leading up here.
q - a scroll labelled IMODDI QOKEOKO
Enter note:
Enter note:
Enter note:
Found a scale mail.
Enter note: You see here a +0 scale mail.
An ogre comes into view. It is wielding a +0 giant spiked club.
The ogre shouts!
You slash the ogre! You claw the ogre.
The ogre is heavily wounded.
The ogre barely misses you.
You closely miss the ogre. You claw the ogre.
The ogre is severely wounded.
You barely miss the ogre.
The ogre is severely wounded.
The ogre hits you with a +0 giant spiked club!!
You slash the ogre!
You feel better.
You claw the ogre.
The ogre is almost dead.
The ogre hits you with a +0 giant spiked club!!
Ouch! That really hurt!
You die...

### ### #.# #.#######
#.######[......#
#...........##.#
#.####.#..#.##.### #.#
#.#..#..#.... #@#
#.##.#.##..##
#.....O....#.##.#.##..#
........##.#.#........#
....#.#..
......#.###.## #.#
#.### .............+ .
.. ......#.###### ..
.............. #..
....#.#..#####
....#......<##


You could see an ogre.

Vanquished Creatures
  Grinder (D:4)
  Sigmund (D:4)
  Eustachio (D:5)
  2 scorpions (D:5)
  A jelly (D:4)
  2 orc priests
  4 orc wizards
  7 adders
  A gnoll (D:1)
  A worm (D:2)
  7 dart slugs
  14 orcs
  3 ball pythons
  6 endoplasms
  6 giant cockroaches
  A goblin (D:4)
  3 hobgoblins
  A quokka (D:2)
  8 bats
  4 frilled lizards
  9 kobolds
  8 rats
91 creatures vanquished.

Notes
Turn   | Place    | Note
-------+----------+-------------------------------------------
     0 | D:1      | qw the Tengu Warper began the quest for the Orb.
     0 | D:1      | Reached XP level 1. HP: 12/12 MP: 4/4
     0 | D:1      | 0 ||| qw: Version: 0.1-a-89-g26bdef1
     0 | D:1      | 0 ||| qw: Game counter: 1830
     0 | D:1      | 0 ||| qw: Always use a shield: true
     0 | D:1      | 0 ||| qw: God list: Okawaru
     0 | D:1      | 0 ||| qw: Allow faded altars: false
     0 | D:1      | 0 ||| qw: Do Orc after D:15 true
     0 | D:1      | 0 ||| qw: Do second Lair branch before Depths: true
     0 | D:1      | 0 ||| qw: Lair rune preference: random
     0 | D:1      | 0 ||| qw: Plans: Normal
     0 | D:1      | 0 ||| PLANNING D:1-11
    21 | D:1      | 21 ||| Stepping ~*~*~tactically~*~*~ (hiding).
   131 | D:1      | 131 ||| Stepping ~*~*~tactically~*~*~ (hiding).
   233 | D:1      | 233 ||| Stepping ~*~*~tactically~*~*~ (hiding).
   335 | D:1      | 335 ||| Stepping ~*~*~tactically~*~*~ (hiding).
   404 | D:1      | Reached XP level 2. HP: 17/17 MP: 6/6
   406 | D:1      | 406 ||| Stepping ~*~*~tactically~*~*~ (hiding).
   414 | D:1      | Reached skill level 3 in Axes
   510 | D:1      | Found Ajeddaz's Distillery.
   520 | D:1      | 520 ||| Stepping ~*~*~tactically~*~*~ (stealth).
   525 | D:1      | 525 ||| SHOPLISTING 2 potions of curing (66 gold, have 0).
   525 | D:1      | 525 ||| SHOPLISTING potion of curing (33 gold, have 0).
   525 | D:1      | 525 ||| SHOPLISTING potion of haste (110 gold, have 0).
   525 | D:1      | 525 ||| SHOPLISTING potion of heal wounds (55 gold, have
                  | 0).
   525 | D:1      | 525 ||| SHOPLISTING potion of might (44 gold, have 0).
   618 | D:1      | HP: 2/17 [gnoll/+0 whip (10)]
   620 | D:1      | Reached XP level 3. HP: 2/21 MP: 7/7
   893 | D:1      | 893 ||| Stepping ~*~*~tactically~*~*~ (hiding).
   995 | D:1      | 995 ||| Stepping ~*~*~tactically~*~*~ (hiding).
  1097 | D:1      | 1097 ||| Stepping ~*~*~tactically~*~*~ (hiding).
  1259 | D:1      | 1259 ||| Stepping ~*~*~tactically~*~*~ (hiding).
  1267 | D:1      | Reached skill level 4 in Axes
  1531 | D:1      | 1531 ||| Stepping ~*~*~tactically~*~*~ (hiding).
  1652 | D:1      | Found a faded altar of an unknown god.
  1697 | D:1      | 1697 ||| UPGRADING to +6 ring of dexterity.
  1698 | D:1      | 1698 ||| READING scroll labelled DIKHLID LAENINATY.
  1699 | D:1      | 1699 ||| DROPPING scroll of blinking.
  2050 | D:2      | Reached XP level 4. HP: 26/26 MP: 8/8
  2279 | D:2      | 2279 ||| Stepping ~*~*~tactically~*~*~ (stealth).
  2281 | D:2      | 2281 ||| Stepping ~*~*~tactically~*~*~ (stealth).
  2656 | D:2      | 2656 ||| UPGRADING to +0 chain mail.
  2666 | D:2      | 2666 ||| DROPPING +0 leather armour.
  2667 | D:2      | 2667 ||| READING scroll labelled FUDIM SEIB.
  2668 | D:2      | 2668 ||| READING scroll labelled POAKIA VAAH.
  2669 | D:2      | 2669 ||| READING 4 scrolls of identify.
  2669 | D:2      | 2669 ||| IDENTIFYING bubbling dark potion
  2670 | D:2      | 2670 ||| READING 3 scrolls of identify.
  2670 | D:2      | 2670 ||| IDENTIFYING emerald potion
  2671 | D:2      | 2671 ||| READING 2 scrolls of identify.
  2671 | D:2      | 2671 ||| IDENTIFYING smoky sapphire potion
  2672 | D:2      | 2672 ||| DROPPING potion of lignification.
  2706 | D:3      | 2706 ||| STAIRDANCE
  2709 | D:2      | Reached skill level 5 in Axes
  2842 | D:3      | 2842 ||| SWAPPING to +0 war axe.
  2851 | D:3      | 2851 ||| DROPPING +1 hand axe.
  2926 | D:3      | Found a hazy altar of Hepliaklqana.
  2936 | D:3      | Found an opulent altar of Gozag.
  2967 | D:3      | Found a bloodstained altar of Trog.
  3016 | D:3      | 3016 ||| Stepping ~*~*~tactically~*~*~ (stealth).
  3020 | D:3      | 3020 ||| Stepping ~*~*~tactically~*~*~ (stealth).
  3022 | D:3      | 3022 ||| Stepping ~*~*~tactically~*~*~ (stealth).
  3025 | D:3      | 3025 ||| Stepping ~*~*~tactically~*~*~ (stealth).
  3035 | D:3      | HP: 4/26 [orc/+2 dagger of holy wrath (3)]
  3036 | D:3      | 3036 ||| DRINKING potion of heal wounds.
  3038 | D:3      | Gained mutation: Your magical nature lets you fly swiftly
                  | and evasively. [Tengu growth]
  3038 | D:3      | Reached XP level 5. HP: 11/30 MP: 9/9
  3212 | D:3      | 3212 ||| Stepping ~*~*~tactically~*~*~ (stealth).
  3213 | D:3      | 3213 ||| Stepping ~*~*~tactically~*~*~ (stealth).
  3214 | D:3      | 3214 ||| Stepping ~*~*~tactically~*~*~ (stealth).
  3228 | D:3      | 3228 ||| Stepping ~*~*~tactically~*~*~ (stealth).
  3310 | D:3      | Found a glowing silver altar of Zin.
  3310 | D:3      | Found a glowing golden altar of the Shining One.
  3310 | D:3      | Found a white marble altar of Elyvilon.
  3722 | D:3      | 3722 ||| UPGRADING to amulet of the acrobat.
  3727 | D:3      | 3727 ||| READING 2 scrolls labelled QISEOMEIBO.
  3728 | D:3      | 3728 ||| READING scroll labelled AKUONG ELALA.
  3732 | D:3      | 3732 ||| READING 4 scrolls of identify.
  3732 | D:3      | 3732 ||| IDENTIFYING silvery potion
  3733 | D:3      | 3733 ||| READING 3 scrolls of identify.
  3733 | D:3      | 3733 ||| IDENTIFYING fuming cyan potion
  3734 | D:3      | 3734 ||| READING 2 scrolls of identify.
  3734 | D:3      | 3734 ||| IDENTIFYING coppery potion
  3735 | D:3      | 3735 ||| DROPPING scroll of vulnerability.
  3736 | D:3      | 3736 ||| DROPPING potion of flight.
  3792 | D:3      | 3792 ||| Stepping randomly (stuck).
  3833 | D:4      | 3833 ||| DRINKING potion of curing.
  3833 | D:4      | 3833 ||| (to cure confusion)
  3835 | D:4      | Reached skill level 6 in Axes
  3993 | D:4      | 3993 ||| SWAPPING to +2 war axe of flaming.
  3994 | D:4      | 3994 ||| DROPPING +0 whip.
  3995 | D:4      | 3995 ||| DROPPING +0 war axe.
  4057 | D:4      | 4057 ||| Stepping ~*~*~tactically~*~*~ (stealth).
  4072 | D:4      | HP: 7/30 [poisoned by an orc]
  4076 | D:4      | HP: 3/30 [poisoned by an orc]
  4085 | D:4      | 4085 ||| Stepping ~*~*~tactically~*~*~ (stealth).
  4388 | D:4      | 4388 ||| Stepping ~*~*~tactically~*~*~ (hiding).
  4407 | D:4      | 4407 ||| FLEEEEING.
  4408 | D:4      | 4408 ||| FLEEEEING.
  4415 | D:4      | 4415 ||| STAIRDANCE
  4439 | D:3      | 4439 ||| UPGRADING to +1 chain mail of cold resistance.
  4449 | D:3      | 4449 ||| DROPPING +0 chain mail.
  4450 | D:3      | 4450 ||| DROPPING ring of magical power.
  4463 | D:4      | Noticed Sigmund
  4464 | D:4      | 4464 ||| Stepping ~*~*~tactically~*~*~ (stealth).
  4465 | D:4      | 4465 ||| Stepping ~*~*~tactically~*~*~ (stealth).
  4471 | D:4      | 4471 ||| DRINKING potion of curing.
  4471 | D:4      | 4471 ||| (to cure confusion)
  4472 | D:4      | Killed Sigmund
  4473 | D:4      | Reached skill level 7 in Axes
  4473 | D:4      | Reached XP level 6. HP: 35/35 MP: 10/10
  4607 | D:4      | Noticed Grinder
  4608 | D:4      | 4608 ||| Stepping ~*~*~tactically~*~*~ (hiding).
  4609 | D:4      | 4609 ||| Stepping ~*~*~tactically~*~*~ (hiding).
  4624 | D:4      | 4624 ||| FLEEEEING.
  4625 | D:4      | 4625 ||| FLEEEEING.
  4628 | D:4      | 4628 ||| FLEEEEING.
  4629 | D:4      | 4629 ||| FLEEEEING.
  4633 | D:4      | 4633 ||| FLEEEEING.
  4638 | D:4      | 4638 ||| FLEEEEING.
  4643 | D:4      | 4643 ||| FLEEEEING.
  4644 | D:4      | 4644 ||| FLEEEEING.
  4645 | D:4      | 4645 ||| FLEEEEING.
  4646 | D:4      | 4646 ||| FLEEEEING.
  4647 | D:4      | 4647 ||| FLEEEEING.
  4648 | D:4      | 4648 ||| FLEEEEING.
  4663 | D:4      | 4663 ||| FLEEEEING.
  4664 | D:4      | 4664 ||| FLEEEEING.
  4669 | D:4      | 4669 ||| FLEEEEING.
  4675 | D:4      | 4675 ||| FLEEEEING.
  4677 | D:4      | 4677 ||| FLEEEEING.
  4678 | D:4      | 4678 ||| FLEEEEING.
  4679 | D:4      | 4679 ||| FLEEEEING.
  4680 | D:4      | 4680 ||| FLEEEEING.
  4681 | D:4      | 4681 ||| FLEEEEING.
  4682 | D:4      | 4682 ||| FLEEEEING.
  4683 | D:4      | 4683 ||| Stepping ~*~*~tactically~*~*~ (hiding).
  4684 | D:4      | 4684 ||| FLEEEEING.
  4685 | D:4      | 4685 ||| Stepping ~*~*~tactically~*~*~ (hiding).
  4686 | D:4      | 4686 ||| FLEEEEING.
  4687 | D:4      | 4687 ||| Stepping ~*~*~tactically~*~*~ (hiding).
  4688 | D:4      | 4688 ||| Stepping ~*~*~tactically~*~*~ (hiding).
  4693 | D:4      | Killed Grinder
  4694 | D:4      | Reached XP level 7. HP: 32/44 MP: 11/11
  5264 | D:4      | 5264 ||| UPGRADING to +4 ring of protection.
  5265 | D:4      | 5265 ||| READING scroll labelled URUTEI RUBU.
  5266 | D:4      | 5266 ||| READING scroll labelled VIDWEPN TUDI.
  5320 | D:3      | 5320 ||| READING 2 scrolls of teleportation.
  5349 | D:5      | Entered Level 5 of the Dungeon
  5389 | D:5      | Noticed Eustachio
  5391 | D:5      | 5391 ||| Stepping ~*~*~tactically~*~*~ (hiding).
  5408 | D:5      | Killed Eustachio
  5409 | D:5      | Reached skill level 8 in Axes
  5417 | D:5      | Reached XP level 8. HP: 38/48 MP: 12/12
  5449 | D:5      | 5449 ||| FLEEEEING.
  5456 | D:5      | 5456 ||| FLEEEEING.
  5457 | D:5      | 5457 ||| FLEEEEING.
  5458 | D:5      | 5458 ||| FLEEEEING.
  5459 | D:5      | 5459 ||| FLEEEEING.
  5460 | D:5      | 5460 ||| FLEEEEING.
  5461 | D:5      | 5461 ||| FLEEEEING.
  5463 | D:5      | 5463 ||| FLEEEEING.
  5465 | D:5      | 5465 ||| FLEEEEING.
  5466 | D:5      | 5466 ||| STAIRDANCE
  5653 | D:5      | 5653 ||| STAIRDANCE
  5701 | D:5      | Reached skill level 9 in Axes
  5765 | D:5      | Found a runed translucent door.
  5766 | D:5      | Noticed Crazy Yiuf
  5865 | D:5      | Found the +2 cloak of the Thief {*Fog Slay-2 SInv Stlth+}
  5992 | D:5      | Slain by an ogre

Levels and vault maps discovered:
D:1:      dreamdust_arrival_beginning_and_end, layout_rooms,
          chequers_ecumenical_altar_island, serial_shops, shop,
          serial_park_tiny_2, nicolae_grassy_gnolls
D:2:      layout_loops_ring, grunt_ministairs_2, minmay_tetromino_t2
D:3:      layout_rooms, good_gods_mini_temple, nicolae_overflow_hidden_temple,
          mainiacjoe_overflow_catwalk_spiral, serial_rivers,
          chequers_serial_rivers_micro_b, chequers_serial_rivers_room_b,
          chequers_serial_rivers_large_a, chequers_serial_rivers_small_3,
          minmay_between
D:4:      layout_loops_ring, minmay_misc_feat_cross, minmay_misc_feat_room,
          hex_medium, minivault_24, uniq_grinder, uniq_sigmund
D:5:      layout_basic, uniq_pikel, uniq_crazy_yiuf_cottage, uniq_eustachio

Skill      XL: |  1  2  3  4  5  6  7  8 |
---------------+-------------------------+-----
Axes           | 3 4 5 7 8 9 |  9.0
Armour         | 2 |  2.4
Fighting       | 4 |  4.3
Throwing       | |  1.0
Dodging        | |  2.1
Spellcasting   | |  2.0
Translocations | |  2.4

Action                   |  1- 3 |  4- 6 |  7- 9 || total
-------------------------+-------+-------+-------++-------
Melee: Hand axe          |    58 |    37 |       ||    95
       Kick              |    18 |    26 |    19 ||    63
       Peck              |    10 |    22 |    10 ||    42
       War axe           |       |    93 |    49 ||   142
       Punch             |       |     2 |       ||     2
Throw: Boomerang         |     7 |       |       ||     7
  Use: Scroll            |     1 |    10 |     3 ||    14
       Potion            |       |     3 |       ||     3
 Stab: Sleeping          |       |     1 |       ||     1
Armor: Leather armour    |     9 |     2 |       ||    11
       Chain mail        |       |    63 |    36 ||    99
Dodge: Dodged            |    25 |    67 |    22 ||   114

Table legend:
 A = Non-vault XP
 B = Vault XP
 C = Vault XP percentage of total XP
 D = Non-vault monster count
 E = Vault monster count
 F = Vault count percentage of total count
                 A         B        C        D         E       F
            +---------+---------+-------+---------+---------+-------
      Total |     642 |     754 |  54.0 |      77 |      14 |  15.4
            +---------+---------+-------+---------+---------+-------
        D:1 |      48 |      14 |  22.6 |      22 |       1 |   4.3
        D:2 |      29 |      23 |  44.2 |      11 |       4 |  26.7
        D:3 |      97 |      10 |   9.3 |      17 |       6 |  26.1
        D:4 |     173 |     504 |  74.4 |      20 |       2 |   9.1
        D:5 |     295 |     203 |  40.8 |       7 |       1 |  12.5
            +---------+---------+-------+---------+---------+-------
